 Dungeon Crawl Stone Soup version 0.29.1-2-gbd0b4ee654 (webtiles) character file.

Game seed: 17359369945865767069

56 cdecastro the Gusty (level 3, -1/19 HPs)
             Began as a Tengu Air Elementalist on Oct 26, 2022.
             Slain by an adder (3 damage)
             ... on level 2 of the Dungeon.
             The game lasted 00:04:43 (1766 turns).

cdecastro the Gusty (Tengu Air Elementalist)        Turns: 1766, Time: 00:04:44

Health: -1/19      AC:  2    Str:  8    XL:     3   Next: 95%
Magic:  2/7        EV: 12    Int: 17    God:
Gold:   53         SH:  0    Dex: 14    Spells: 5/6 levels left

rFire   . . .      SeeInvis .   q - +1 whip (venom)
rCold   . . .      Faith    .   (no shield)
rNeg    . . .      Spirit   .   a - +0 robe
rPois   .          Reflect  .   (helmet restricted)
rElec   .          Harm     .   f - scarf {+Inv}
rCorr   .          Rampage  .   (no gloves)
Will    +....                   (boots unavailable)
Stlth   ++........              (no amulet)
HPRegen 0.06/turn               m - ring of willpower
MPRegen 0.10/turn               (no ring)

@: no status effects
A: beak, talons 3
a: Evoke Invisibility


You were on level 2 of the Dungeon.
You visited 1 branch of the dungeon, and saw 2 of its levels.

You collected 53 gold pieces.

Inventory:

Hand Weapons
 g - a +0 short sword
 i - a +1 dagger of speed
 q - a +1 whip of venom (weapon)
Missiles
 c - 21 stones
Armour
 a - a +0 robe (worn)
 f - a scarf of invisibility (worn)
Jewellery
 m - a ring of willpower (left hand)
Scrolls
 e - a scroll of fear {unknown}
 j - 2 scrolls of identify {unknown}
 l - 2 scrolls of fog {unknown}
 n - a scroll of teleportation {unknown}
 o - a scroll of magic mapping {unknown}
Potions
 b - a potion of magic
 d - a potion of berserk rage {unknown}
 h - 2 potions of haste {unknown}
 k - a potion of curing
 p - a potion of ambrosia {unknown}
 r - a potion of might {unknown}


   Skills:
 - Level 2.1 Dodging
 - Level 2.0 Stealth
 - Level 2.0 Spellcasting
 - Level 1.3 Conjurations
 + Level 6.3 Air Magic


You had 5 spell levels left.
You knew the following spells:

 Your Spells              Type           Power      Damage    Failure   Level
a - Shock                 Conj/Air       56%        1d6       4%          1

Your spell library contained the following spells:

 Spells                   Type           Power      Damage    Failure   Level
 Swiftness                Air            23%        N/A       4%          3
 Static Discharge         Conj/Air       14%        3-5/arc   6%          2
 Airstrike                Air            11%        2d(2-18)  14%         4
 Blink                    Tloc           2%         N/A       28%         2
 Lesser Beckoning         Tloc           1%         N/A       50%         3
 Manifold Assault         Tloc           1%         N/A       99%         5


Dungeon Overview and Level Annotations

Branches:
Dungeon (2/15)

Altars:
Yredelemnul


Innate Abilities, Weirdness & Mutations

You have a beak for a mouth.
You have claws for feet.


Message History

Confirm with . or Enter, or press ? or * to list all spells.
Aiming: Shock (safe; 4% risk of failure)
Press: ? - help, Shift-Dir - straight line, f - adder
Aim: an adder (moderately wounded, 53% to hit)
The zap misses the adder.
The adder barely misses you.
Unknown command.
Casting: Shock (safe; 4% risk of failure)
Confirm with . or Enter, or press ? or * to list all spells.
Aiming: Shock (safe; 4% risk of failure)
Press: ? - help, Shift-Dir - straight line, f/p - adder
Aim: an adder (moderately wounded, 53% to hit)
The zap hits the adder.
The adder is heavily wounded.
The adder closely misses you.
Unknown command.
Casting: Shock (safe; 4% risk of failure)
Confirm with . or Enter, or press ? or * to list all spells.
Aiming: Shock (safe; 4% risk of failure)
Press: ? - help, Shift-Dir - straight line, f/p - adder
Aim: an adder (heavily wounded, 53% to hit)
The zap hits the adder.
The adder is heavily wounded.
The adder bites you but does no damage. The adder misses you.
Unknown command.
Casting: Shock (safe; 4% risk of failure)
Confirm with . or Enter, or press ? or * to list all spells.
Aiming: Shock (safe; 4% risk of failure)
Press: ? - help, Shift-Dir - straight line, f/p - adder
Aim: an adder (heavily wounded, 53% to hit)
The zap misses the adder.
The adder misses you.
Unknown command.
Casting: Shock (safe; 4% risk of failure)
Confirm with . or Enter, or press ? or * to list all spells.
Aiming: Shock (safe; 4% risk of failure)
Press: ? - help, Shift-Dir - straight line, f/p - adder
Aim: an adder (heavily wounded, 53% to hit)
The zap hits the adder.
The adder is severely wounded.
The adder bites you.
You die...

## ##..##
###.##...........#P8...
#....#
#......##..#####.......
#....###.##.####..
###....#
#....##..##..####.
#88.8. #....##.####?.#
#.#... #....##.##
##.#####.. .. #.....~P.#
#........
.......~~.~.####.#####..
.......~~~~P....@#
.......~~~...###S#
.......≈~~..## #..
.........~P... ....
......##....##......
...... ###### (###.## .
.. .. #..


You could see an adder.

Vanquished Creatures
  An adder (D:2)
  2 dart slugs (D:1)
  3 ball pythons
  2 bats (D:1)
  2 bat skeletons (D:2)
  A bat zombie (D:2)
  6 endoplasms (D:1)
  A giant cockroach (D:1)
  4 goblins (D:1)
  A hobgoblin (D:1)
  3 jackals (D:1)
  2 ball python skeletons (D:2)
  A frilled lizard (D:1)
  6 kobolds (D:1)
  A quokka skeleton (D:2)
  5 rats (D:1)
41 creatures vanquished.

Notes
Turn   | Place    | Note
-------+----------+-------------------------------------------
     0 | D:1      | cdecastro the Tengu Air Elementalist began the quest for
                  | the Orb.
     0 | D:1      | Reached XP level 1. HP: 10/10 MP: 4/4
   384 | D:1      | Reached XP level 2. HP: 15/15 MP: 4/6
   483 | D:1      | Reached skill level 5 in Air Magic
   949 | D:1      | Reached XP level 3. HP: 17/19 MP: 4/7
  1445 | D:2      | Reached skill level 6 in Air Magic
  1525 | D:2      | Found a basalt altar of Yredelemnul.
  1766 | D:2      | Slain by an adder

Illustrated notes

Levels and vault maps discovered:
D:1:      dpeg_arrival_pond, layout_basic
D:2:      layout_rooms, basic_altar, serial_undead, serial_undead_d,
          serial_undead_c, serial_undead_f, serial_undead_e, serial_undead_c,
          serial_undead_f, chequers_serial_rivers_small_3

Skill      XL: |  1  2  3 |
---------------+----------+-----
Air Magic      | 5 6 |  6.3
Dodging        | |  2.1
Stealth        | |  2.0
Spellcasting   | |  2.0
Conjurations   | |  1.3

Action                   || total
-------------------------++-------
Melee: Dagger            ||     3
       Kick              ||    11
       Whip              ||    32
       Peck              ||     3
 Cast: Shock             ||    46
  Use: Potion            ||     1
 Stab: Sleeping          ||     5
Armor: Robe              ||    11
Dodge: Dodged            ||    35
